 Dungeon Crawl Stone Soup version 0.27-a0-1147-gb3d8e82157 (webtiles) character file.

Game seed: 1414692289125125445

117 kae the Skirmisher (level 4, -5/37 HPs)
             Began as a Demonspawn Fighter on May 11, 2021.
             Killed by divine providence
             ... invoked by an orc priest
              (13 damage)
             ... on level 3 of the Dungeon.
             The game lasted 00:00:57 (2604 turns).

kae the Skirmisher (Demonspawn Fighter)             Turns: 2604, Time: 00:00:58

Health: -5/37      AC:  6    Str: 17    XL:     4   Next: 71%
Magic:  4/4        EV:  6    Int: 10    God:
Gold:   77         SH:  8    Dex: 12    Spells: 3/3 levels left

rFire    . . .     SeeInvis .   a - +0 long sword
rCold    . . .     Faith    .   c - +0 kite shield
rNeg     . . .     Spirit   .   b - +0 scale mail
rPois    .         Reflect  .   (no helmet)
rElec    .         Harm     .   (no cloak)
rCorr    .         Rampage  .   (no gloves)
Will     .....                  (no boots)
Stlth    ..........             (no amulet)
HPRegen  0.12/turn              (no ring)
MPRegen  0.09/turn              (no ring)

@: no status effects
A: talons 1, demonic guardian 1
a: no special abilities


You were on level 3 of the Dungeon.
You visited 1 branch of the dungeon, and saw 3 of its levels.

You collected 77 gold pieces.

Inventory:

Hand Weapons
 a - a +0 long sword (weapon)
Missiles
 i - a throwing net (quivered)
Armour
 b - a +0 scale mail (worn)
 c - a +0 kite shield (worn)
Scrolls
 g - a scroll of acquirement {unknown}
 h - a scroll of identify {unknown}
Potions
 d - a potion of might
 f - a potion of brilliance {unknown}


   Skills:
 + Level 3.9 Fighting
 * Level 3.8 Long Blades
 - Level 2.6 Armour
 - Level 2.6 Shields


You had 3 spell levels left.
You didn't know any spells.
Your spell library was empty.

Dungeon Overview and Level Annotations

Branches:
Dungeon (3/15)

Altars:


Innate Abilities, Weirdness & Mutations

You have sharp toenails.
A weak demonic guardian rushes to your aid.


Message History

Your quasit resists with significant effort.
Something closely misses your quasit. Something barely misses your quasit.
Something barely misses your quasit. Something hits your quasit.
Something closely misses your quasit.
You hear some strange, mumbled words.
Your quasit appears confused.
Your quasit bites you.
You block your quasit's attack.
Your quasit barely misses you.
You hear some strange, mumbled words.
A puff of flame appears from out of thin air!
The puff of flame hits your quasit.
Your quasit resists.
You block your quasit's attack.
Your quasit barely misses you. x2
Something closely misses your quasit. You block your quasit's attack. x2
Your quasit barely misses you.
Your quasit barely misses you. x2; You block your quasit's attack.
Something barely misses your quasit. You block your quasit's attack.
Your quasit claws you.
Your quasit claws you but does no damage.
Something barely misses your quasit.
Your quasit disappears in a puff of smoke!
The orc priest begins to cast a cantrip, but forgets the words!
You hit something but do no damage. Your kick misses something.
You hear some strange, mumbled words.
A magic dart appears from out of thin air!
The magic dart hits you!
* * * LOW HITPOINT WARNING * * *
You hear some strange, mumbled words.
A puff of flame appears from out of thin air!
The puff of flame hits you.
* * * LOW HITPOINT WARNING * * *
You hit something. You claw something.
Reactivating autopickup.
You feel a bit more experienced. The orc priest barely misses you.
It was a potion of magic.
Magic courses through your body.
The orc priest invokes the aid of Beogh against you.
Beogh smites you!
You die...

###.###....# #.#
##.#.# #.# #.#.#
#.# #.#.# #.#
#.#.## #.#
#....######## #.#
#..#........>
#.#####..§########
#......@.§........
########o#........
#########.#...#####
.....o{)..#...#
###########..##
#..# #..# #..#


You could see an orc priest.

Vanquished Creatures
  An iguana (D:2)
  An orc wizard (D:3)
  An adder (D:2)
  2 worms (D:2)
  2 orcs (D:3)
  5 ball pythons
  3 endoplasms
  5 giant cockroaches
  5 goblins
  3 hobgoblins (D:1)
  6 jackals
  6 bats
  5 frilled lizards
  2 kobolds (D:1)
  4 rats
51 creatures vanquished.

Vanquished Creatures (collateral kills)
  A hobgoblin (D:2)
  A jackal (D:2)
2 creatures vanquished.

Grand Total: 53 creatures vanquished

Notes
Turn   | Place    | Note
-------+----------+-------------------------------------------
     0 | D:1      | kae the Demonspawn Fighter began the quest for the Orb.
     0 | D:1      | Reached XP level 1. HP: 18/18 MP: 1/1
   143 | D:1      | Gained mutation: A weak demonic guardian rushes to your
                  | aid. [demonic ancestry]
   143 | D:1      | Reached XP level 2. HP: 11/24 MP: 2/2
   509 | D:1      | Found a faded altar of an unknown god.
  1204 | D:1      | Gained mutation: You have sharp toenails. [demonic
                  | ancestry]
  1204 | D:1      | Reached XP level 3. HP: 29/29 MP: 3/3
  1927 | D:2      | Reached XP level 4. HP: 25/37 MP: 4/4
  2604 | D:3      | Killed from afar by an orc priest

Illustrated notes

Levels and vault maps discovered:
D:1:      saegor_arrival_miasma, layout_basic, ebering_ecumenical_altar_webs
D:2:      layout_rooms, grunt_ministairs_8
D:3:      layout_loops_ring, lemuel_blue_sif_altar, minitemple,
          grunt_decor_junction, serial_bayou_pond_c, minmay_liquid_box

Skill      XL: |  1  2  3 |
---------------+----------+-----
Long Blades    | 2 3 |  3.8
Fighting       | |  3.9
Armour         | |  2.6
Shields        | |  2.6

Action                   |  1- 3 |  4- 6 || total
-------------------------+-------+-------++-------
Melee: Long sword        |   109 |    40 ||   149
       Kick              |     8 |     9 ||    17
  Use: Scroll            |     1 |       ||     1
       Potion            |       |     1 ||     1
Armor: Scale mail        |    66 |    15 ||    81
Dodge: Dodged            |    51 |    16 ||    67
Block: Kite shield       |    68 |    29 ||    97
       Rpst.: Long sword |    16 |     6 ||    22

Table legend: (Time is in decaauts)
 A = Elapsed time spent in this place.
 B = Non-inter-level travel time spent in this place.
 C = Inter-level travel time spent in this place.
 D = Time resting spent in this place.
 E = Time spent auto-exploring this place.
 F = Levels seen in this place.
 G = Mean time per level.
                   A        B        C        D        E       F      G
               +--------+--------+--------+--------+--------+-----+--------+
         Total |   2678 |   2611 |     67 |      0 |   2218 |   3 |  892.7 |
       Dungeon |   2678 |   2611 |     67 |      0 |   2218 |   3 |  892.7 |
               +--------+--------+--------+--------+--------+-----+--------+

Top non-repeatable levels by time:
     D:1: 1511 daAuts
     D:2: 915 daAuts
     D:3: 251 daAuts
